Map: 로맨티사이드 - 래더

Players

Stats - Winner!

  • Race: Protoss Protoss
  • League: Grandmaster
  • Spawn Location: 11:00

Patience

  • Race: Protoss Protoss
  • League: Grandmaster
  • Spawn Location: 5:00

VOD

Have the link to the VOD?

Description

Time

  • Played on: Nov. 3, 2020, 5:38 a.m.
  • Length: 13:26
Show
View Real Time Build Order
Export as new Build Order

Stats Protoss - Winner!

Build Orders: 1 Gate Expand, Phoenix Opening 

Get SALT Encoding   

  12  0:00  Probe  
  13  0:12  Probe  
  14  0:19  Pylon  
  14  0:24  Probe (Chrono Boost)  
  15  0:37  Probe (Chrono Boost)  
  15  0:38  Gateway  
  16  0:45  Probe (Chrono Boost)  
  16  0:48  Assimilator  
  17  0:51  Probe  
  18  1:03  Probe  
  19  1:16  Probe  
  20  1:23  Nexus  
  20  1:33  Cybernetics Core  
  20  1:35  Probe  
  21  1:41  Assimilator  
  21  1:47  Probe  
  21  1:51  Pylon  
  22  1:59  Probe  
  23  2:06  Stalker (Chrono Boost)  
  23  2:09  Warp Gate  
  23  2:11  Probe  
  26  2:23  Probe  
  26  2:29  Stalker  
  29  2:32  Robotics Facility  
  29  2:37  Shield Battery  
  29  2:39  Probe  
  29  2:41  Probe  
  31  2:51  Probe  
  31  2:53  Probe  
  31  2:55  Pylon  
  33  3:01  Sentry  
  35  3:06  Probe  
  35  3:08  Gateway  
  35  3:11  Probe  
  37  3:20  Immortal (Chrono Boost)  
  41  3:28  Probe x2  
  42  3:34  Shield Battery  
  42  3:39  Phoenix  
  42  3:40  Probe x2 (Chrono Boost)  
  44  3:48  Pylon  
  44  3:50  Probe x2 (Chrono Boost)  
  44  3:53  Observer (Chrono Boost)  
  47  3:55  Probe (Chrono Boost)  
  47  3:56  Probe  
  47  4:01  Pylon  
  49  4:04  Sentry  
  49  4:08  Probe x2  
  53  4:12  Forge  
  53  4:14  Twilight Council  
  53  4:17  Assimilator  
  53  4:20  Probe x2  
  55  4:25  Pylon  
  55  4:30  Phoenix, Gateway  
  55  4:33  Protoss Ground Weapons Level 1 (Chrono Boost)  
  55  4:37  Immortal  
  59  4:48  Pylon  
  59  4:49  Blink  
  59  4:55  Pylon  
  59  5:06  Nexus  
  59  5:11  Gateway  
  59  5:16  Immortal (Chrono Boost)  
  63  5:29  Stalker x2  
  63  5:31  Stalker, Observer  
  69  5:38  Pylon  
  69  5:47  Warp Prism  
  71  5:58  Stalker x3  
  77  6:08  Stalker  
  77  6:09  Probe  
  77  6:10  Probe  
  81  6:19  Probe  
  81  6:21  Stalker x3  
  81  6:22  Probe x2  
  90  6:31  Stalker, Probe  
  93  6:34  Probe x2  
  95  6:43  Probe  
  95  6:45  Stalker x3  
  95  6:46  Probe x2  
  104  6:55  Probe  
  104  6:58  Probe x2  
  104  6:59  Observer  
  105  7:10  Stalker x3  
  105  7:11  Stalker  
  105  7:13  Probe x3  
  116  7:20  Protoss Ground Weapons Level 2 (Chrono Boost)  
  116  7:21  Charge  
  110  7:25  Probe x3  
  110  7:28  Gateway x2  
  113  7:30  Gateway  
  113  7:33  Gateway  
  113  7:36  Zealot x2  
  117  7:40  Pylon  
  117  7:41  Pylon  
  113  7:44  Assimilator x2  
  113  7:53  Nexus  
  113  7:54  Pylon  
  113  8:01  Probe x3  
  113  8:05  Zealot x4  
  124  8:13  Probe x3  
  127  8:21  Photon Cannon  
  127  8:23  Shield Battery  
  127  8:29  Zealot  
  127  8:30  Zealot x6  
  141  8:34  Pylon x2  
  141  8:36  Pylon  
  141  8:37  Dark Shrine  
  141  8:52  Probe x2  
  141  8:53  Probe  
  142  8:56  Stalker x2, Pylon  
  142  8:57  Pylon  
  146  9:06  Probe x4  
  146  9:09  Pylon  
  150  9:11  Photon Cannon  
  150  9:14  Shield Battery  
  150  9:22  Gateway  
  150  9:23  Zealot x8  
  166  9:25  Gateway  
  166  9:31  Robotics Bay  
  166  9:33  Robotics Facility  
  166  9:45  Stalker x2, Pylon  
  166  9:46  Stalker x4  
  178  9:55  Zealot x2  
  176  10:11  Zealot x6  
  187  10:21  Gravitic Boosters, Observer (Chrono Boost)  
  176  10:22  Photon Cannon  
  176  10:23  Shadow Stride  
  175  10:33  Observer (Chrono Boost)  
  176  10:36  Zealot x8  
  192  10:45  Probe  
  192  10:46  Probe x3  
  194  10:58  Probe x4  
  180  11:06  Disruptor  
  180  11:08  Photon Cannon  
  180  11:10  Robotics Facility, Shield Battery  
  184  11:11  Assimilator, Probe x4  
  184  11:15  Stalker x2, Zealot  
  184  11:16  Stalker  
  177  11:35  Zealot x5  
  177  11:37  Zealot  
  150  11:52  Dark Templar x2, Zealot x2  
  140  12:00  Disruptor (Chrono Boost), Zealot x5  
  140  12:01  Disruptor (Chrono Boost)  
  152  12:19  Stalker x3  
  154  12:23  Stalker x5  
  154  12:26  Stalker x2  
  162  12:38  Nexus  
  162  12:41  Pylon  
  162  12:43  Zealot x3  
  138  12:47  Zealot x5  
  138  12:48  Observer x2  
  109  13:00  Zealot x2  
  109  13:04  Stalker  
  109  13:08  Stalker x2  
  109  13:09  Stalker x3, Zealot x2  
  105  13:23  Zealot x2  
Show
View Real Time Build Order
Export as new Build Order

Patience Protoss 

Build Orders: Phoenix Opening, Blink Stalkers 

Get SALT Encoding   

  12  0:00  Probe  
  13  0:12  Probe  
  14  0:18  Pylon  
  14  0:24  Probe (Chrono Boost)  
  15  0:37  Probe (Chrono Boost)  
  15  0:40  Gateway  
  16  0:45  Probe (Chrono Boost)  
  16  0:47  Assimilator  
  17  0:52  Probe  
  17  0:54  Assimilator  
  18  1:04  Probe (Chrono Boost)  
  19  1:15  Probe (Chrono Boost)  
  19  1:16  Gateway  
  20  1:19  Probe (Chrono Boost)  
  21  1:29  Cybernetics Core  
  21  1:30  Probe  
  22  1:35  Pylon  
  22  1:42  Probe  
  23  1:54  Probe  
  24  2:05  Stalker  
  24  2:06  Stalker, Warp Gate (Chrono Boost)  
  24  2:07  Probe  
  29  2:14  Pylon  
  29  2:19  Probe  
  30  2:31  Probe  
  31  2:40  Sentry  
  33  2:44  Probe  
  33  2:50  Nexus  
  34  2:56  Probe  
  35  3:06  Twilight Council  
  35  3:09  Probe  
  36  3:13  Pylon  
  36  3:19  Phoenix  
  36  3:23  Probe  
  36  3:26  Robotics Facility  
  37  3:37  Probe, Shield Battery  
  38  3:46  Blink (Chrono Boost)  
  38  3:50  Sentry  
  38  3:51  Probe  
  38  3:54  Gateway  
  41  4:02  Sentry  
  43  4:03  Probe  
  43  4:04  Probe  
  45  4:15  Probe, Observer (Chrono Boost)  
  45  4:17  Probe  
  48  4:26  Assimilator  
  48  4:27  Probe  
  48  4:28  Assimilator  
  48  4:30  Immortal (Chrono Boost)  
  48  4:31  Pylon  
  49  4:34  Probe  
  54  4:42  Probe  
  55  4:46  Probe  
  56  4:55  Probe  
  56  4:58  Probe  
  56  4:59  Immortal (Chrono Boost), Pylon  
  62  5:07  Probe, Forge  
  63  5:22  Nexus  
  63  5:23  Pylon  
  63  5:30  Warp Prism  
  63  5:34  Sentry x3  
  71  5:36  Protoss Ground Weapons Level 1 (Chrono Boost)  
  71  5:43  Probe x2  
  71  5:46  Shield Battery  
  73  5:56  Probe x2  
  75  6:03  Immortal (Chrono Boost)  
  75  6:05  Gateway  
  75  6:07  Gateway  
  79  6:11  Immortal (Chrono Boost)  
  79  6:15  Shield Battery  
  79  6:24  Stalker x3  
  85  6:26  Probe  
  86  6:33  Probe  
  86  6:35  Immortal (Chrono Boost)  
  91  6:42  Probe x2, Shield Battery  
  93  6:57  Stalker  
  93  6:58  Stalker x3  
  100  7:10  Pylon  
  100  7:11  Pylon  
  100  7:21  Robotics Bay  
  100  7:22  Pylon  
  100  7:24  Pylon  
  100  7:25  Protoss Ground Weapons Level 2 (Chrono Boost)  
  104  7:33  Pylon  
  104  7:34  Pylon  
  104  7:35  Probe x3, Observer (Chrono Boost)  
  104  7:37  Assimilator  
  104  7:38  Robotics Facility  
  104  7:40  Assimilator  
  104  7:47  Probe x3  
  107  7:56  Immortal (Chrono Boost)  
  107  7:59  Probe x3  
  114  8:09  Pylon  
  114  8:11  Pylon, Probe  
  115  8:15  Stalker x2  
  115  8:16  Stalker x3  
  115  8:18  Dark Shrine  
  125  8:21  Photon Cannon  
  123  8:31  Pylon  
  123  8:33  Disruptor x2 (Chrono Boost)  
  129  8:37  Gravitic Drive  
  129  8:56  Stalker x5  
  129  8:59  Nexus  
  139  9:06  Disruptor x2 (Chrono Boost)  
  145  9:26  Pylon  
  145  9:30  Nexus  
  145  9:36  Gateway  
  145  9:39  Gateway  
  145  9:41  Dark Templar  
  145  9:42  Dark Templar x2, Gateway  
  145  9:43  Dark Templar  
  153  9:49  Protoss Ground Weapons Level 3 (Chrono Boost)  
  153  9:51  Disruptor x2 (Chrono Boost)  
  159  10:02  Probe x2  
  159  10:03  Probe  
  162  10:07  Photon Cannon  
  159  10:14  Probe x2  
  155  10:23  Disruptor (Chrono Boost)  
  153  10:29  Probe x2  
  153  10:30  Probe  
  153  10:31  Probe  
  153  10:33  Disruptor (Chrono Boost)  
  147  10:40  Stalker x5  
  147  10:42  Stalker x3  
  161  10:48  Photon Cannon  
  154  10:50  Shield Battery  
  152  11:05  Zealot x7  
  152  11:06  Zealot  
  152  11:10  Warp Prism (Chrono Boost), Charge (Chrono Boost)  
  168  11:15  Observer (Chrono Boost)  
  162  11:37  Stalker x6  
  162  11:38  Stalker x2  
  136  12:01  Stalker x8  
  130  12:24  Dark Templar x4  
  130  12:25  Zealot x4  
  113  12:49  Stalker x4  
  95  13:05  Stalker x4  
  94  13:10  Observer (Chrono Boost)  
Tags
 
Add a new tag
Caveats
  • Supply blocks, unpowered buildings, or Contaminate may cause inaccurate times.
  • Supply counts are checked every 10 seconds.